BSA
NASSAU ROCKETS @ NEVADA NOISE
08/15/2030
 
TOP OF THE 1ST
Nassau Rockets batting - Pitching for Nevada Noise : RHP Jesse Little
Pitching: RHP Jesse Little
Batting: LHB Andrew Alvarado 0-0: Ball
1-0: Ball
2-0: Ball
3-0: Called Strike
3-1: Fly out, F9 (Flyball, 9D)
Batting: LHB Dusty Wilson 0-0: Swinging Strike
0-1: Called Strike
0-2: Foul Ball, location: 2F
0-2: Ball
1-2: Ball
2-2: SOLO HOME RUN (Flyball, 89XD), Distance : 437 ft
Batting: SHB Edgardo Osorio 0-0: Called Strike
0-1: Ball
1-1: SOLO HOME RUN (Flyball, 7LD), Distance : 401 ft
Batting: RHB Wallace Greene 0-0: Ground out 4-3 (Groundball, 4)
Batting: RHB Dexter Potter 0-0: Ball
1-0: Called Strike
1-1: Ground out 4-3 (Groundball, 34)
Top of the 1st over - 2 runs, 2 hits, 0 errors, 0 left on base; Nassau 2 - Nevada 0
BOTTOM OF THE 1ST
Nevada Noise batting - Pitching for Nassau Rockets : LHP Ben Moody
Pitching: LHP Ben Moody
Batting: RHB Fernando Gálvez 0-0: Foul Ball, location: 2F
0-1: Ball
1-1: Called Strike
1-2: Strikes out swinging
Batting: RHB Bill Mark 0-0: Ball
1-0: Called Strike
1-1: Fly out, F4 (Flyball, 4D)
Batting: LHB Greg Nelson 0-0: Called Strike
0-1: Ball
1-1: Ball
2-1: Fly out, F1 (Popup, 15)
Bottom of the 1st over - 0 runs, 0 hits, 0 errors, 0 left on base; Nassau 2 - Nevada 0
TOP OF THE 2ND
Nassau Rockets batting - Pitching for Nevada Noise : RHP Jesse Little
Batting: LHB Juan Romero 0-0: Fly out, F9 (Flyball, 89M)
Batting: RHB Salvador Borbón 0-0: Foul Ball, location: 2F
0-1: Ball
1-1: Ball
2-1: Foul Ball, location: 2F
2-2: Ball
3-2: Base on Balls
Batting: RHB Jesús Villalobos 0-0: Ball
1-0: Called Strike
1-1: Fly out, F5 (Popup, 6)
Batting: RHB Kenji Kudo 0-0: Swinging Strike
0-1: Swinging Strike
0-2: Ball
1-2: Ball
2-2: Fielders Choice at 2nd, 6-4 (Groundball, 6)
Top of the 2nd over - 0 runs, 0 hits, 0 errors, 1 left on base; Nassau 2 - Nevada 0
BOTTOM OF THE 2ND
Nevada Noise batting - Pitching for Nassau Rockets : LHP Ben Moody
Batting: LHB Dave Reynolds 0-0: Foul Ball, location: 2F
0-1: Ball
1-1: Swinging Strike
1-2: Ball
2-2: Strikes out swinging
Batting: RHB Iván Gonzáles 0-0: Ball
1-0: Called Strike
1-1: Called Strike
1-2: Ball
2-2: Ball
3-2: Foul Ball, location: 2F
3-2: Fly out, F6 (Popup, 6S)
Batting: RHB José Aguilera 0-0: Foul Ball, location: 2F
0-1: Ball
1-1: SINGLE (Line Drive, 7LS)
Batting: SHB Nate Rhodes 0-0: Foul Ball, location: 2F
0-1: Foul Ball, location: 2F
0-2: Ball
1-2: Strikes out swinging
Bottom of the 2nd over - 0 runs, 1 hit, 0 errors, 1 left on base; Nassau 2 - Nevada 0
TOP OF THE 3RD
Nassau Rockets batting - Pitching for Nevada Noise : RHP Jesse Little
Batting: LHB Andrew Alvarado 0-0: Ball
1-0: Called Strike
1-1: Ball
2-1: Foul Ball, location: 2F
2-2: SOLO HOME RUN (Line Drive, 9D), Distance : 414 ft
Batting: LHB Dusty Wilson 0-0: Foul Ball, location: 2F
0-1: Swinging Strike
0-2: Strikes out swinging
Batting: SHB Edgardo Osorio 0-0: Called Strike
0-1: Fly out, F8 (Flyball, 78D)
Batting: RHB Wallace Greene 0-0: Ball
1-0: Ball
2-0: SOLO HOME RUN (Flyball, 7LD), Distance : 382 ft
Batting: RHB Dexter Potter 0-0: Called Strike
0-1: SOLO HOME RUN (Flyball, 78XD), Distance : 415 ft
Batting: LHB Juan Romero 0-0: Fly out, F7 (Flyball, 7)
Top of the 3rd over - 3 runs, 3 hits, 0 errors, 0 left on base; Nassau 5 - Nevada 0
BOTTOM OF THE 3RD
Nevada Noise batting - Pitching for Nassau Rockets : LHP Ben Moody
Batting: RHB Arnold Harmon 0-0: Ball
1-0: Called Strike
1-1: Swinging Strike
1-2: Strikes out looking
Batting: SHB Derek Roach 0-0: Called Strike
0-1: Foul Ball, location: 2F
0-2: Foul Ball, location: 2F
0-2: Foul Ball, location: 2F
0-2: SINGLE (Groundball, 34D)
Batting: RHB Fernando Gálvez 0-0: Ball
1-0: Ball
2-0: Ground out 4-3 (Groundball, 34)
Derek Roach to second
Batting: RHB Bill Mark 0-0: Foul Ball, location: 2F
0-1: Called Strike
0-2: Ball
1-2: Foul Ball, location: 2F
1-2: Foul Ball, location: 2F
1-2: Foul Ball, location: 2F
1-2: Ball
2-2: Foul Ball, location: 2F
2-2: Foul Ball, location: 2F
2-2: Foul Ball, location: 2F
2-2: Foul Ball, location: 2F
2-2: Foul Ball, location: 2F
2-2: Ball
3-2: SINGLE (Groundball, 6D)
Derek Roach to third
Derek Roach scores
Batting: LHB Greg Nelson 0-0: SINGLE (Line Drive, 7LM)
Bill Mark to second
Batting: LHB Dave Reynolds 0-0: Swinging Strike
0-1: Swinging Strike
0-2: Strikes out swinging
Bottom of the 3rd over - 1 run, 3 hits, 0 errors, 2 left on base; Nassau 5 - Nevada 1
TOP OF THE 4TH
Nassau Rockets batting - Pitching for Nevada Noise : RHP Jesse Little
Batting: RHB Salvador Borbón 0-0: Ball
1-0: Foul Ball, location: 2F
1-1: Foul Ball, location: 2F
1-2: Strikes out swinging
Batting: RHB Jesús Villalobos 0-0: Ball
1-0: Swinging Strike
1-1: Called Strike
1-2: Ball
2-2: Fly out, F3 (Popup, 3SF)
Batting: RHB Kenji Kudo 0-0: Ball
1-0: Swinging Strike
1-1: Called Strike
1-2: Strikes out swinging
Top of the 4th over - 0 runs, 0 hits, 0 errors, 0 left on base; Nassau 5 - Nevada 1
BOTTOM OF THE 4TH
Nevada Noise batting - Pitching for Nassau Rockets : LHP Ben Moody
Batting: RHB Iván Gonzáles 0-0: Ground out 5-3 (Groundball, 5L)
Batting: RHB José Aguilera 0-0: SINGLE (Line Drive, 8RS)
Batting: SHB Nate Rhodes 0-0: Ball
1-0: Ball
2-0: Foul Ball, location: 2F
2-1: Swinging Strike
2-2: Ball
3-2: Foul Ball, location: 2F
3-2: Foul Ball, location: 2F
3-2: Base on Balls
José Aguilera to second
Batting: RHB Arnold Harmon 0-0: Called Strike
0-1: Foul Ball, location: 2F
0-2: Ball
1-2: Strikes out looking
Batting: SHB Derek Roach 0-0: Ball
1-0: Called Strike
1-1: Ball
2-1: Fielders Choice at 2nd, 5-4 (Groundball, 56)
Bottom of the 4th over - 0 runs, 1 hit, 0 errors, 2 left on base; Nassau 5 - Nevada 1
TOP OF THE 5TH
Nassau Rockets batting - Pitching for Nevada Noise : RHP Jesse Little
Batting: LHB Andrew Alvarado 0-0: Swinging Strike
0-1: Called Strike
0-2: Foul Ball, location: 2F
0-2: Foul Ball, location: 2F
0-2: Ball
1-2: Fly out, F7 (Flyball, 7)
Batting: LHB Dusty Wilson 0-0: Ball
1-0: Ball
2-0: Ball
3-0: Called Strike
3-1: Called Strike
3-2: Strikes out swinging
Batting: SHB Edgardo Osorio 0-0: Called Strike
0-1: Fly out, F7 (Flyball, 7LS)
Top of the 5th over - 0 runs, 0 hits, 0 errors, 0 left on base; Nassau 5 - Nevada 1
BOTTOM OF THE 5TH
Nevada Noise batting - Pitching for Nassau Rockets : LHP Ben Moody
Batting: RHB Fernando Gálvez 0-0: Fly out, F9 (Line Drive, 9S)
Batting: RHB Bill Mark 0-0: Ball
1-0: Ground out 6-3 (Groundball, 6)
Batting: LHB Greg Nelson 0-0: Swinging Strike
0-1: Ball
1-1: Ground out 4-3 (Groundball, 4)
Bottom of the 5th over - 0 runs, 0 hits, 0 errors, 0 left on base; Nassau 5 - Nevada 1
TOP OF THE 6TH
Nassau Rockets batting - Pitching for Nevada Noise : RHP Jesse Little
Batting: RHB Wallace Greene 0-0: Fly out, F3 (Popup, 3)
Batting: RHB Dexter Potter 0-0: Ball
1-0: Foul Ball, location: 2F
1-1: Foul Ball, location: 2F
1-2: Ball
2-2: Strikes out swinging
Batting: LHB Juan Romero 0-0: Ground out 3-1 (Groundball, 34S)
Top of the 6th over - 0 runs, 0 hits, 0 errors, 0 left on base; Nassau 5 - Nevada 1
BOTTOM OF THE 6TH
Nevada Noise batting - Pitching for Nassau Rockets : LHP Ben Moody
Batting: LHB Dave Reynolds 0-0: Called Strike
0-1: Swinging Strike
0-2: Ball
1-2: Ball
2-2: Ground out U3 (Groundball, 3L)
Batting: RHB Iván Gonzáles 0-0: Swinging Strike
0-1: Foul Ball, location: 2F
0-2: Foul Ball, location: 2F
0-2: Ball
1-2: Strikes out swinging
Batting: RHB José Aguilera 0-0: Called Strike
0-1: Foul Ball, location: 2F
0-2: Fly out, F3 (Popup, 3SF)
Bottom of the 6th over - 0 runs, 0 hits, 0 errors, 0 left on base; Nassau 5 - Nevada 1
TOP OF THE 7TH
Nassau Rockets batting - Pitching for Nevada Noise : RHP Jesse Little
Batting: RHB Salvador Borbón 0-0: Called Strike
0-1: Ball
1-1: Ball
2-1: Foul Ball, location: 2F
2-2: SINGLE (Line Drive, 34D)
Batting: RHB Jesús Villalobos 0-0: Called Strike
0-1: Swinging Strike
0-2: Strikes out swinging
Batting: RHB Kenji Kudo 0-0: Foul Ball, location: 2F
0-1: Swinging Strike
0-2: Foul Ball, location: 2F
0-2: Strikes out swinging
Batting: LHB Andrew Alvarado 0-0: Ball
1-0: Ball
2-0: Foul Ball, location: 2F
2-1: SINGLE (Line Drive, 34)
Salvador Borbón to second
Runner from 2nd tries for 3rd, SAFE, no throw
Batting: LHB Dusty Wilson 0-0: Swinging Strike
0-1: Swinging Strike
0-2: Foul Ball, location: 2F
0-2: Foul Ball, location: 2F
0-2: Strikes out swinging
Top of the 7th over - 0 runs, 2 hits, 0 errors, 2 left on base; Nassau 5 - Nevada 1
BOTTOM OF THE 7TH
Nevada Noise batting - Pitching for Nassau Rockets : LHP Ben Moody
Batting: SHB Nate Rhodes 0-0: Ground out 5-3 (Groundball, 56S)
Batting: RHB Arnold Harmon 0-0: Called Strike
0-1: Called Strike
0-2: Strikes out looking
Batting: SHB Derek Roach 0-0: Ball
1-0: Ball
2-0: Swinging Strike
2-1: Fly out, F5 (Line Drive, 5)
Bottom of the 7th over - 0 runs, 0 hits, 0 errors, 0 left on base; Nassau 5 - Nevada 1
TOP OF THE 8TH
Nassau Rockets batting - Pitching for Nevada Noise : RHP Jesse Little
Pitching: RHP Carl Henry
Batting: SHB Edgardo Osorio 0-0: Ball
1-0: Foul Ball, location: 2F
1-1: Foul Ball, location: 2F
1-2: Ball
2-2: Ball
3-2: Base on Balls
Batting: RHB Wallace Greene 0-0: Foul Ball, location: 2F
0-1: Ball
1-1: Ball
2-1: Called Strike
2-2: SINGLE (Line Drive, 7S)
Edgardo Osorio to second
Edgardo Osorio to third
Batting: RHB Dexter Potter 0-0: Called Strike
0-1: Foul Ball, location: 2F
0-2: Ball
1-2: Ball
2-2: Strikes out looking
Batting: LHB Juan Romero 0-0: DOUBLE (Line Drive, 78D)
Edgardo Osorio scores
Wallace Greene to third
Batting: RHB Salvador Borbón 0-0: Ball
1-0: Ball
2-0: Called Strike
2-1: Ball
3-1: Called Strike
3-2: Base on Balls
Batting: RHB Jesús Villalobos 0-0: Ball
1-0: Swinging Strike
1-1: Ball
2-1: Foul Ball, location: 2F
2-2: Ball
3-2: Strikes out looking
Batting: RHB Kenji Kudo 0-0: Called Strike
0-1: Swinging Strike
0-2: Ground out 1-3 (Groundball, 15)
Top of the 8th over - 1 run, 2 hits, 0 errors, 3 left on base; Nassau 6 - Nevada 1
BOTTOM OF THE 8TH
Nevada Noise batting - Pitching for Nassau Rockets : LHP Ben Moody
Pitching: RHP Esteban Juárez
Batting: RHB Fernando Gálvez 0-0: Ball
1-0: Ball
2-0: Ball
3-0: Called Strike
3-1: Reached on error, E7 (Flyball, 7)
Batting: RHB Bill Mark 0-0: Ball
1-0: Foul Ball, location: 2F
1-1: Swinging Strike
1-2: Ball
2-2: SINGLE (Line Drive, 6D)
Fernando Gálvez to second
Batting: LHB Greg Nelson 0-0: Called Strike
0-1: Ball
1-1: Ball
2-1: Ball
3-1: SINGLE (Groundball, 34D)
Fernando Gálvez to third
Bill Mark to second
Pitching: LHP Dennis Taylor
Batting: LHB Dave Reynolds 0-0: Swinging Strike
0-1: Called Strike
0-2: Foul Ball, location: 2F
0-2: Ball
1-2: Foul Ball, location: 2F
1-2: Ball
2-2: Ball
3-2: GRAND SLAM HOME RUN (Line Drive, 9LD), Distance : 383 ft
Pitching: RHP Chris Marshall
Batting: RHB Iván Gonzáles 0-0: Foul Ball, location: 2F
0-1: Called Strike
0-2: Ball
1-2: Ball
2-2: Ball
3-2: Ground out 6-3 (Groundball, 6)
Batting: RHB José Aguilera 0-0: Ball
1-0: Foul Ball, location: 2F
1-1: Fly out, F6 (Popup, 56)
Batting: SHB Nate Rhodes 0-0: Swinging Strike
0-1: Ball
1-1: DOUBLE (Line Drive, 78XD)
Pinch Hitting: LHB Milton Watson 0-0: Ground out U3 (Groundball, 3)
Bottom of the 8th over - 4 runs, 4 hits, 1 error, 1 left on base; Nassau 6 - Nevada 5
TOP OF THE 9TH
Nassau Rockets batting - Pitching for Nevada Noise : RHP Carl Henry
Now at 1B: Milton Watson
Batting: LHB Andrew Alvarado 0-0: Ball
1-0: Ball
2-0: Ball
3-0: Called Strike
3-1: Base on Balls
Batting: LHB Dusty Wilson 0-0: Ball
1-0: Ball
2-0: Called Strike
2-1: Swinging Strike
2-2: Ball
3-2: SINGLE (Line Drive, 8RM)
Andrew Alvarado to second
Batting: SHB Edgardo Osorio 0-0: Called Strike
0-1: Foul Ball, location: 2F
0-2: Grounds into double play, 6-4-3 (Groundball, 6)
Andrew Alvarado to third
Batting: RHB Wallace Greene 0-0: Ground out 6-3 (Groundball, 6)
Top of the 9th over - 0 runs, 1 hit, 0 errors, 1 left on base; Nassau 6 - Nevada 5
BOTTOM OF THE 9TH
Nevada Noise batting - Pitching for Nassau Rockets : RHP Chris Marshall
Batting: SHB Derek Roach 0-0: Ball
1-0: Called Strike
1-1: Foul Ball, location: 2F
1-2: Ground out 4-3 (Groundball, 6MS)
Batting: RHB Fernando Gálvez 0-0: Ball
1-0: Foul Ball, location: 2F
1-1: Ball
2-1: Ball
3-1: Base on Balls
Batting: RHB Bill Mark 0-0: Ball
1-0: Called Strike
1-1: Ball
2-1: Called Strike
2-2: SINGLE (Groundball, 34D)
Fernando Gálvez to second
Runner from 2nd tries for 3rd, SAFE, no throw
Batting: LHB Greg Nelson 0-0: Called Strike
0-1: Ball
1-1: Fly out, F8 (Flyball, 8LM)
Runner from 3rd tags up, OUT at HOME
Bottom of the 9th over - 0 runs, 1 hit, 0 errors, 1 left on base; Nassau 6 - Nevada 5
Saturday, April 7th, 2018 - OOTP Baseball 18.8 Build 76